cohdb
Replays
Latest Replays
All Replays
Popular Replays
Top Player Replays
Match Explorer
How It Works
Community
CoH3 Stats
Reddit
Sign in to upload your games and track your stats! →
Sign in with Steam
Match 40025934
Unlisted
Match 40025934
Overview
Messages
Build Orders
End
Selects Panzerjäger Kommand Battlegroup
Selects Blockade Equipment
Kradschützen Motorcycle Team
250 Light Carrier
Panzergrenadier Squad
Construct Light Support Kompanie
MG34 Team
Fire Support Elements
Panzergrenadier Squad
2.5-tonne Medical Truck
Selects Tank Busters
Assault Mechanized Group
Panzergrenadier Squad
Flakvierling Half-track
Selects Defensive Positions
Construct Mechanized Kompanie
Kradschützen Motorcycle Team
Balooo666
Bighazelnut
Skini
Just Detsuya
0
0
Comments
sign in to comment!
No comments posted yet!